 Dungeon Crawl Stone Soup version 0.26.1-11-gd32895ea62 (webtiles) character file.

Game seed: 1359711849765229459

31 H0rd4k the Insei (level 3, 0/23 HPs)
             Began as an Octopode Transmuter on May 26, 2021.
             Slain by a leopard gecko (2 damage)
             ... on level 2 of the Dungeon.
             The game lasted 00:00:35 (1100 turns).

H0rd4k the Insei (Octopode Transmuter)              Turns: 1100, Time: 00:00:35

Health: 0/23       AC:  1    Str:  9    XL:     3   Next: 22%
Magic:  6/6        EV: 13    Int: 16    God:
Gold:   23         SH:  0    Dex: 12    Spells: 5/6 levels left

rFire    . . .     SeeInvis .     - Unarmed
rCold    . . .     Faith    .   (no shield)
rNeg     . . .     Spirit   .   (helmet restricted)
rPois    .         Reflect  .   b - amulet of regeneration
rElec    .         Harm     .   g - ring of stealth
rCorr    .         Rampage  .   (no ring)
Will     .....                  (no ring)
Stlth    +++.......             (no ring)
HPRegen  0.47/turn              (no ring)
MPRegen  0.10/turn              (no ring)
                                (no ring)
                                (no ring)

@: no status effects
A: almost no armour, stealthy swim, amphibious, 8 rings, constrict 8, camouflage
1, gelatinous body 1
a: no special abilities


You were on level 2 of the Dungeon.
You visited 1 branch of the dungeon, and saw 2 of its levels.

You collected 23 gold pieces.

Inventory:

Jewellery
 b - an amulet of regeneration (around mantle)
 g - a ring of stealth (left tentacle)
Scrolls
 a - a scroll of remove curse {unknown}
 d - 3 scrolls of identify {unknown}
 f - 2 scrolls of teleportation {unknown}
 h - a scroll of amnesia {unknown}
Potions
 c - a potion of invisibility {unknown}
 e - a potion of brilliance {unknown}
 i - 2 potions of lignification {unknown}
 j - a potion of might {unknown}


   Skills:
 + Level 1.0 Fighting
 + Level 2.0 Dodging
 + Level 0.5 Stealth
 + Level 3.9 Unarmed Combat
 + Level 2.1 Spellcasting
 + Level 2.1 Transmutations


You had 5 spell levels left.
You knew the following spells:

 Your Spells              Type           Power        Failure   Level
a - Beastly Appendage     Tmut           16%          9%          1

Your spell library contained the following spells:

 Spells                   Type           Power        Failure   Level
 Wereblood                Tmut           8%           13%         2
 Spider Form              Tmut/Pois      2%           36%         3
 Ice Form                 Ice/Tmut       5%           78%         4
 Blade Hands              Tmut           4%           93%         5


Dungeon Overview and Level Annotations

Branches:
Dungeon (2/15)

Altars:


Innate Abilities, Weirdness & Mutations

You cannot wear most types of armour.
You are very stealthy in the water. (Stealth+)
You are amphibious.
You can wear up to eight rings at the same time.
You can use your tentacles to constrict eight enemies at once.
Your skin changes colour to match your surroundings (Stealth+).
Your rubbery body absorbs attacks. (AC +1, EV +1)


Message History

You are too injured to fight recklessly!
You are too injured to fight recklessly!
You are too injured to fight recklessly!
You tentacle-slap the adder. You squeeze the adder.
The adder is almost dead.
You constrict the adder.
You kill the adder!
The leopard gecko bites you.
* * * LOW HITPOINT WARNING * * *
The leopard gecko misses you.
You have reached level 3!
Your experience leads to an increase in your attributes!
Increase (S)trength, (I)ntelligence, or (D)exterity?
You feel clever.
You closely miss the leopard gecko. Your grab misses the leopard gecko.
Your squeeze misses the leopard gecko. The leopard gecko bites you.
* * * LOW HITPOINT WARNING * * *
You barely miss the leopard gecko. You grab the leopard gecko.
You constrict the leopard gecko. The leopard gecko bites you.
You die...

...........#
########.#.#
#.#.### #
#.#...##.#
#........#
#####...####
#........#
#.###....#
#@...#
#...l†...#
+..............
###.....#..####
#........#
###.#.#.##
#.#.#.# #.#.#


You could see a leopard gecko.

Vanquished Creatures
  An adder (D:2)
  A giant cockroach (D:1)
  4 goblins (D:1)
  3 hobgoblins
  A ball python (D:1)
  2 bats (D:1)
  5 frilled lizards (D:1)
  4 kobolds
  A rat (D:1)
22 creatures vanquished.

Notes
Turn   | Place    | Note
-------+----------+-------------------------------------------
     0 | D:1      | H0rd4k the Octopode Transmuter began the quest for the Orb.
     0 | D:1      | Reached XP level 1. HP: 13/13 MP: 3/3
   159 | D:1      | Reached XP level 2. HP: 18/18 MP: 5/5
  1099 | D:2      | Reached XP level 3. HP: 4/23 MP: 6/6
  1100 | D:2      | Slain by a leopard gecko

Illustrated notes

Levels and vault maps discovered:
D:1:      lemuel_arrival_lava_pool, layout_loops_ring,
          chequers_serial_rivers_large_b
D:2:      layout_loops_corners, serial_bayou_pond_c, uniq_crazy_yiuf_cottage

Action                   || total
-------------------------++-------
Melee: Unarmed           ||    43
       Constrict         ||    11
       Tentacles         ||     7
       Punch             ||     2
 Stab: Sleeping          ||     6
Armor: Skin              ||     2
Dodge: Dodged            ||    16
